Map: Acid Plant LE

Players

Fox

  • Race: Zerg Zerg
  • League: Gold
  • Spawn Location: 5:00

Saucy - Winner!

  • Race: Terran Terran
  • Spawn Location: 11:00

VOD

Have the link to the VOD?

Description

Time

  • Played on: Jan. 27, 2019, 7:35 p.m.
  • Length: 15:02
Show
View Real Time Build Order
Export as new Build Order

Fox Zerg 

Build Orders: Pool First, Ravager All-In 

Get SALT Encoding   

  12  0:18  Spawning Pool  
  11  0:22  Drone  
  11  0:27  Drone  
  13  0:31  Drone  
  14  0:36  Extractor  
  14  0:38  Drone  
  14  0:42  Extractor  
  14  0:46  Drone  
  14  1:06  Roach Warren  
  14  1:08  Drone  
  14  1:14  Overlord  
  14  1:45  Roach  
  14  1:46  Roach x2  
  20  1:59  Roach  
  22  2:10  Overlord  
  22  2:24  Spine Crawler  
  22  2:27  Drone  
  22  2:34  Ravager x2  
  24  2:37  Ravager  
  24  2:44  Ravager  
  26  2:52  Roach  
  28  3:09  Roach  
  30  3:25  Overlord  
  30  3:43  Ravager  
  30  3:44  Ravager  
  30  3:46  Roach  
  30  3:47  Roach  
  36  3:54  Roach  
  32  4:37  Roach x3  
  38  4:50  Overlord  
  38  5:10  Spore Crawler  
  37  5:31  Overlord  
  37  5:50  Overlord  
  37  5:57  Queen  
  37  6:04  Overlord x2  
  38  6:08  Zergling x2  
  39  6:15  Ravager  
  39  6:16  Ravager x5  
  39  6:53  Zergling x6  
  42  7:09  Hatchery  
  38  7:49  Drone x5  
  42  8:02  Metabolic Boost  
  41  8:09  Drone  
  41  8:10  Drone x2  
  43  8:28  Drone  
  43  8:29  Drone  
  43  8:30  Drone  
  43  8:33  Zergling x2  
  47  8:47  Drone  
  48  8:54  Overlord  
  48  8:55  Pneumatized Carapace  
  48  9:08  Roach  
  48  9:09  Roach x3  
  53  9:24  Spine Crawler  
  52  9:25  Spine Crawler x2, Zergling x4  
  52  9:38  Queen  
  54  9:52  Lair  
  54  10:03  Roach  
  54  10:04  Roach x5  
  66  10:17  Drone x3  
  69  10:50  Queen  
  69  10:52  Queen  
  69  10:54  Extractor, Drone x3  
  69  10:55  Drone  
  69  10:56  Extractor  
  75  11:08  Spore Crawler  
  75  11:09  Drone  
  75  11:11  Spore Crawler  
  74  11:23  Spire  
  73  11:52  Nydus Network  
  72  11:57  Overlord  
  72  11:58  Overlord  
  72  12:20  Overlord x2  
  72  12:39  Corruptor  
  72  12:40  Corruptor  
  72  12:41  Mutalisk x2  
  80  12:52  Overseer  
  80  12:59  Overlord  
  80  13:03  Nydus Canal  
  80  13:14  Corruptor  
  82  13:20  Drone x4  
  86  13:42  Zergling x4  
  86  13:43  Zergling x6  
  87  14:02  Overlord  
  79  14:23  Nydus Canal  
Show
View Real Time Build Order
Export as new Build Order

Saucy Terran - Winner!

Build Orders:  

Get SALT Encoding   

  12  0:01  SCV  
  13  0:13  SCV  
  14  0:17  Supply Depot  
  14  0:25  SCV  
  14  0:27  Refinery  
  15  0:38  SCV  
  16  0:47  Barracks  
  16  0:50  SCV  
  17  1:03  SCV  
  18  1:15  SCV  
  19  1:27  SCV  
  20  1:39  Reaper  
  21  1:40  Orbital Command  
  21  1:56  Factory  
  21  2:01  Supply Depot  
  21  2:06  SCV  
  22  2:11  Refinery  
  22  2:14  Marine  
  23  2:22  Bunker  
  24  2:30  SCV  
  24  2:32  Marine  
  25  2:42  SCV  
  26  2:45  Starport  
  26  2:50  Factory Tech Lab  
  26  2:53  Marine  
  26  2:54  SCV  
  28  2:58  Supply Depot  
  28  3:05  Command Center  
  28  3:10  Siege Tank  
  30  3:25  Supply Depot  
  30  3:54  Supply Depot  
  30  3:57  Supply Depot  
  30  4:00  Viking  
  31  4:07  Supply Depot  
  30  4:17  Orbital Command  
  27  4:41  Supply Depot  
  27  5:01  SCV x2  
  27  5:06  Siege Tank  
  32  5:17  SCV  
  32  5:39  Siege Tank  
  32  5:40  Orbital Command  
  32  5:41  Supply Depot  
  35  5:48  Liberator  
  35  6:01  SCV  
  36  6:06  SCV  
  40  6:13  Factory, SCV  
  41  6:18  SCV  
  41  6:19  Siege Tank  
  41  6:21  Bunker  
  45  6:27  Bunker  
  45  6:28  Supply Depot  
  42  6:45  SCV  
  42  6:46  SCV  
  43  6:58  SCV x2  
  45  7:05  Factory Tech Lab  
  45  7:06  Siege Tank  
  48  7:10  SCV  
  48  7:11  Supply Depot  
  48  7:13  Supply Depot  
  48  7:14  Supply Depot  
  49  7:15  SCV  
  49  7:17  Supply Depot  
  49  7:19  Supply Depot  
  49  7:22  SCV  
  51  7:25  Siege Tank  
  51  7:27  SCV  
  55  7:42  Siege Tank  
  58  7:57  Hellion  
  60  8:02  Viking  
  60  8:04  Command Center  
  62  8:14  Hellion  
  64  8:26  Siege Tank  
  62  8:29  Refinery  
  62  8:31  Refinery  
  62  8:38  Siege Tank  
  62  8:39  Viking  
  67  8:43  Supply Depot  
  67  8:47  SCV x2  
  69  8:59  SCV  
  69  9:00  SCV  
  69  9:09  Hellion  
  71  9:11  Hellion  
  71  9:19  SCV x2  
  71  9:24  Command Center  
  73  9:29  Supply Depot  
  74  9:31  SCV  
  74  9:33  Engineering Bay  
  74  9:47  SCV x2  
  76  9:54  Armory  
  76  9:59  Factory, SCV x2  
  78  10:00  Factory  
  78  10:02  Armory  
  78  10:03  Orbital Command  
  78  10:08  Hellion  
  78  10:11  SCV x2  
  82  10:17  Refinery  
  82  10:20  Refinery  
  82  10:21  Missile Turret  
  82  10:22  Missile Turret  
  82  10:23  SCV  
  83  10:29  Missile Turret  
  83  10:31  SCV  
  83  10:32  Missile Turret  
  83  10:34  Missile Turret, SCV  
  85  10:36  Missile Turret  
  85  10:38  Missile Turret  
  85  10:41  Starport Reactor  
  85  10:53  Factory Reactor  
  85  10:55  Factory Reactor  
  88  10:57  Thor  
  88  10:59  Thor  
  97  11:13  SCV  
  97  11:14  SCV x2  
  100  11:22  Supply Depot  
  100  11:28  Viking x2, SCV x2  
  100  11:29  SCV  
  107  11:35  Terran Vehicle Weapons Level 1  
  107  11:37  Supply Depot  
  107  11:38  Supply Depot  
  107  11:40  SCV  
  107  11:41  SCV x2  
  107  11:43  Hellion  
  112  11:48  Hellion  
  112  11:51  Missile Turret  
  112  11:53  SCV  
  115  12:13  Missile Turret  
  115  12:14  Hellion x2  
  115  12:15  Hellion  
  121  12:27  Hellion x2  
  121  12:28  Hellion  
  127  12:36  Hellion x3, Viking x2  
  137  12:42  Orbital Command  
  137  12:43  Factory, SCV  
  137  12:44  SCV  
  139  12:45  Factory  
  139  12:56  Siege Tank  
  139  12:57  Hellion x4  
  150  12:59  SCV  
  150  13:01  SCV  
  152  13:07  Terran Vehicle And Ship Armor Level 1  
  152  13:09  Neosteel Armor  
  152  13:11  SCV x2  
  154  13:14  Refinery  
  154  13:18  Refinery  
  154  13:36  Command Center  
  154  13:42  Siege Tank x2  
  154  13:43  Hellion x3  
  154  13:44  Hellion  
  154  13:45  Viking x2  
  170  14:12  SCV  
  170  14:13  SCV x3  
  174  14:17  Viking x2  
  174  14:20  Factory Tech Lab x2  
  178  14:25  SCV x2  
  178  14:26  SCV x2  
  178  14:28  Starport  
  178  14:30  Starport  
  182  14:37  SCV  
  184  14:45  SCV  
  184  14:46  SCV x2  
Tags
 
League
Gold
Matchup
TvZ
Opening
Pool First
Spawn Locations
Cross Positions
Add a new tag
Caveats
  • Supply blocks, unpowered buildings, or Contaminate may cause inaccurate times.
  • Supply counts are checked every 10 seconds.